 Dungeon Crawl Stone Soup version 0.20.1-1-g8b1a95d (webtiles) character file.

84 suicidejoker the Stinger (level 4, -5/21 HPs)
             Began as a Spriggan Venom Mage on Aug 25, 2017.
             Slain by a worm (11 damage)
             ... on level 2 of the Dungeon.
             The game lasted 00:07:11 (2740 turns).

suicidejoker the Stinger (Spriggan Venom Mage)      Turns: 2740, Time: 00:07:11

Health: -5/21      AC:  2    Str:  5    XL:     4   Next: 23%
Magic:  8/10       EV: 19    Int: 18    God:
Gold:   31         SH:  0    Dex: 16    Spells: 6/10 levels left

rFire    . . .     SeeInvis +   k - +0 dagger
rCold    . . .     Gourm    .   (shield restricted)
rNeg     . . .     Faith    .   a - +0 robe
rPois    .         Spirit   .   (helmet restricted)
rElec    .         Reflect  .   (no cloak)
rCorr    .         Harm     .   (gloves unavailable)
MR       .....                  (boots unavailable)
Stlth    ++........             (no amulet)
Regen    0.1/turn               (no ring)
MPRegen  0.2/turn               (no ring)

@: very quick
A: unfitting armour, see invisible, clever 1, herbivore 3, speed 3, slow
metabolism 2, wild magic 1, MP-powered wands
a: no special abilities


You were on level 2 of the Dungeon.
You were not hungry.

You visited 1 branch of the dungeon, and saw 2 of its levels.

You collected 31 gold pieces.

Inventory:

Hand Weapons
 k - a +0 dagger (weapon)
Armour
 a - a +0 robe (worn)
Scrolls
 d - 2 scrolls of teleportation {unknown}
 f - a scroll of fear {unknown}
 g - a scroll of blinking {unknown}
 i - a scroll of identify {unknown}
Potions
 e - a potion of brilliance
Books
 b - a Young Poisoner's Handbook

   Spells                             Type                      Level
   a - Sting                          Conjuration/Poison           1
   b - Poisonous Vapours              Poison/Air                   2
   c - Mephitic Cloud                 Conjuration/Poison/Air       3
   d - Olgreb's Toxic Radiance        Poison                       4
   e - Venom Bolt                     Conjuration/Poison           5
Comestibles
 c - 3 bread rations
 h - a royal jelly


   Skills:
 + Level 0.2 Fighting
 + Level 0.4 Short Blades
 + Level 3.4 Dodging
 + Level 3.2 Stealth
 + Level 0.8 Unarmed Combat
 + Level 3.5 Spellcasting
 + Level 1.2 Conjurations
 + Level 3.7 Poison Magic


You had 6 spell levels left.
You knew the following spells:

 Your Spells              Type           Power        Failure   Level  Hunger
a - Sting                 Conj/Pois      ###.         9%          1    None
b - Mephitic Cloud        Conj/Pois/Air  ##......     32%         3    ###....


Dungeon Overview and Level Annotations

Branches:
Dungeon (2/15)

Altars:


Innate Abilities, Weirdness & Mutations

You are very small and have problems with some larger weapons.
You are too small for most types of armour.
You have supernaturally acute eyesight. (SInv)
You are a herbivore.
You cover ground extremely quickly.
You need consume almost no food.
Your mind is acute. (Int +2)
Your spells are a little harder to cast, but a little more powerful.
You expend magic power (3 MP) to strengthen your wands.


Message History

Aim: a worm (lightly wounded)
The sting hits the worm.
The worm is poisoned.
The worm is moderately wounded.
You hit the worm.
The worm is moderately wounded.
You hit the worm.
The worm is heavily wounded.
The worm bites you!
Ouch! That really hurt!
* * * LOW HITPOINT WARNING * * *
You hit the worm.
The worm is heavily wounded.
You hit the worm.
The worm is severely wounded.
The worm barely misses you.
You hit the worm but do no damage.
The worm is severely wounded.
The worm looks more healthy.
The worm bites you!
Ouch! That really hurt!
You die...

### #... #...
##### #######
#...##...###.....#
#........†....##.#
##......######.##
#....#.## #@.#
..#.#..# ##w#
#.#†## .# #.#.# .#
####.#.# ..
#......# #.
#......# ..
##......# #.
........#


You could see a worm.

Vanquished Creatures
  Terence (D:2)
  An adder (D:2)
  An ooze (D:1)
  2 dart slugs
  A leopard gecko (D:2)
  A ball python (D:2)
  6 giant cockroaches
  2 goblins (D:2)
  5 hobgoblins
  3 jackals (D:2)
  2 kobolds
  5 bats
  3 frilled lizards (D:1)
  5 rats
38 creatures vanquished.

Notes
Turn   | Place    | Note
-------+----------+-------------------------------------------
     0 | D:1      | suicidejoker the Spriggan Venom Mage began the quest for the Orb.
     0 | D:1      | Reached XP level 1. HP: 9/9 MP: 5/5
   717 | D:1      | Reached XP level 2. HP: 13/13 MP: 4/7
  1565 | D:2      | Reached XP level 3. HP: 16/16 MP: 6/8
  1829 | D:2      | Noticed Terence
  1860 | D:2      | Killed Terence
  1860 | D:2      | Reached skill level 1 in Conjurations
  2320 | D:2      | Learned a level 3 spell: Mephitic Cloud
  2364 | D:2      | Reached XP level 4. HP: 5/21 MP: 3/10
  2371 | D:2      | Gained mutation: Your spells are a little harder to cast, but a little more powerful. [potion of mutation]
  2371 | D:2      | Gained mutation: You expend magic power (3 MP) to strengthen your wands. [potion of mutation]
  2371 | D:2      | Gained mutation: Your mind is acute. (Int +2) [potion of mutation]
  2381 | D:2      | HP: 1/21 [giant cockroach (1)]
  2740 | D:2      | Slain by a worm

Skill      XL: |  1  2  3 |
---------------+----------+-----
Spellcasting   | 3 |  3.5
Conjurations   | 1 |  1.2
Fighting       | |  0.2
Short Blades   | |  0.4
Dodging        | |  3.4
Stealth        | |  3.2
Unarmed Combat | |  0.8
Poison Magic   | |  3.7

Action                   |  1- 3 |  4- 6 || total
-------------------------+-------+-------++-------
Melee: Unarmed           |    65 |       ||    65
       Dagger            |    85 |    28 ||   113
 Cast: Sting             |    69 |     8 ||    77
  Use: Potion            |       |     3 ||     3
 Stab: Sleeping          |     5 |     1 ||     6
Armor: Robe              |    14 |     3 ||    17
Dodge: Dodged            |   168 |    34 ||   202
